 Dungeon Crawl Stone Soup version 0.30.0-5-g1a98f26d00 (webtiles) character file.

Game seed: 7433940536124186510

158 SnakkuSnakku7 the Insei (level 5, -2/37 HPs)
             Began as a Vampire Hedge Wizard on May 12, 2023.
             Was a Believer of Sif Muna.
             Slain by Robin
             ... wielding a +3 whip of electrocution
              (10 damage)
             ... on level 4 of the Dungeon.
             The game lasted 00:05:17 (1962 turns).

SnakkuSnakku7 the Insei (Vampire Hedge Wizard)      Turns: 1962, Time: 00:05:17

Health: -2/37      AC:  8    Str: 15    XL:     5   Next: 16%
Magic:  3/9        EV: 12    Int: 16    God:    Sif Muna [**....]
Gold:   112        SH:  0    Dex: 14    Spells: 7/10 levels left

rFire   . . .        e - +0 mace
rCold   . . .        (no shield)
rNeg    . . .        y - +5 robe "Gayp" {Will++ Regen+ Str-2 Archmagi}
rPois   .            c - +0 hat
rElec   .            g - +0 cloak
rCorr   +            (no gloves)
SInv    +            (no boots)
Will    ++...        l - amulet of the acrobat
Stlth   ++           f - ring of resist corrosion
HPRegen 1.26/turn    q - +6 ring of strength
MPRegen 0.11/turn

%: acrobat, archmagi
@: healing quickly
A: alive, fangs 3, see invisible, vampiric 2
a: Exsanguinate, Renounce Religion, Channel Magic


You were on level 4 of the Dungeon.
You worshipped Sif Muna.
Sif Muna was pleased with you.
You visited 1 branch of the dungeon, and saw 4 of its levels.

You collected 112 gold pieces.

Inventory:

Hand Weapons
 a - a +0 dagger
 e - a +0 mace (weapon)
Missiles
 j - 5 poisoned darts (quivered)
Armour
 b - a +0 robe
 c - a +0 hat (worn)
 g - a +0 cloak (worn)
 h - a +0 chain mail
 r - an orb of guile
 t - a +0 scale mail
 y - the +5 robe "Gayp" (worn) {Will++ Regen+ Str-2 Archmagi}
   (You found it on level 3 of the Dungeon)

   Str:       It affects your strength (-2).
   Regen:     It increases your rate of health regeneration.
   Archmagi:  It increases the power of your magical spells.
   Will:      It greatly increases your willpower.
Jewellery
 f - a ring of resist corrosion (left hand)
 l - an amulet of the acrobat (around neck)
 n - a ring of protection from fire
 q - a +6 ring of strength (right hand)
Scrolls
 i - a scroll of fog {unknown}
 k - a scroll of enchant armour {unknown}
 m - 2 scrolls of blinking {unknown}
 s - a scroll of teleportation {unknown}
 u - 2 scrolls of identify {unknown}
 v - a scroll of immolation {unknown}
 w - a scroll of amnesia {unknown}
 x - a scroll of vulnerability {unknown}
Potions
 d - a potion of magic
 o - 3 potions of heal wounds {unknown}
 p - 2 potions of attraction {unknown}


   Skills:
 - Level 1.0 Fighting
 - Level 2.1 Throwing
 - Level 2.1 Dodging
 - Level 3.0 Stealth
 - Level 3.3 Unarmed Combat
 - Level 3.0 Spellcasting
 - Level 0.6 Conjurations
 + Level 2.1 Summonings
 - Level 0.7 Translocations


You had 7 spell levels left.
You knew the following spells:

 Your Spells              Type           Power      Damage    Failure   Level
a - Magic Dart            Conj           24%        1d4       14%         1
b - Call Imp              Summ           26%        N/A       12%         2

Your spell library contained the following spells:

 Spells                   Type           Power      Damage    Failure   Level
 Slow                     Hex            12%        N/A       19%         1
 Blink                    Tloc           14%        N/A       22%         2
 Cigotuvi's Dreadful Rot  Necr/Pois/Air  6%         N/A       28%         2
 Mephitic Cloud           Conj/Pois/Air  4%         N/A       45%         3


Dungeon Overview and Level Annotations

Branches:
Dungeon (4/15)
 Temple: D:4-7

Altars:
Sif Muna
Vehumet

Annotations:
D:3 1 exclusion
D:4 Robin


Innate Abilities, Weirdness & Mutations

Your natural rate of healing is accelerated.
You have razor-sharp teeth.
You have supernaturally acute eyesight. (SInv)
You are afflicted with vampirism and can become a bat while bloodless.


Message History

Robin hits you with a +3 whip of electrocution.
The kobold barely misses you.
A hobgoblin comes into view.
Robin roars a battlecry!
The goblins go into a battle-frenzy!
The kobold hits you but does no damage. The goblin hits you but does no damage.
You hear a shout!
You hit Robin.
Robin is lightly wounded.
Robin throws the goblin at you! The kobold closely misses you.
The goblin closely misses you. The goblin attacks as you move away!
The goblin barely misses you. Robin attacks as you move away!
Robin closely misses you. The goblin completely misses you.
There is a stone staircase leading down, spattered with blood here.
You hit Robin.
Robin is heavily wounded.
Robin hits you with a +3 whip of electrocution.
You are electrocuted!
The goblin hits you but does no damage. The goblin hits you with a +0 club.
Unknown command.
You are too injured to fight recklessly!
Unknown command.
You are too injured to fight recklessly!
The goblin hits you but does no damage. Robin misses you.
You climb downwards.
There is a stone staircase leading up here.
Okay, then.
Okay, then.
You aren't carrying any items that you can evoke.
Unknown command.
Casting: Magic Dart (safe; 14% risk of failure)
Confirm with . or Enter, or press ? or * to list all spells.
You feel a surge of power!
A tiny devil pulls itself out of the air.
The goblin hits you with a +0 club.
Robin hits you with a +3 whip of electrocution!
* * * LOW HITPOINT WARNING * * *
You are electrocuted!
You die...

##+#..#
#.....#
#.....#
.....
....#
#...# .
#...##...
#†g......
#@g5.....
#........
###+##...
.$ $


You could see Robin (ally target), a goblin (strong) and a friendly cerulean imp
(summoned).

Vanquished Creatures
  An orc wizard (D:3)
  6 adders
  A worm (D:3)
  2 dart slugs
  4 orcs (D:3)
  3 ball pythons
  6 bats
  2 endoplasms
  7 giant cockroaches
  8 goblins
  3 hobgoblins
  3 jackals (D:2)
  5 quokkas
  4 frilled lizards
  5 kobolds
  4 rats
  A spectral goblin (D:1)
65 creatures vanquished.

Notes
Turn   | Place    | Note
-------+----------+-------------------------------------------
     0 | D:1      | SnakkuSnakku7 the Vampire Hedge Wizard began the quest for
                  | the Orb.
     0 | D:1      | Reached XP level 1. HP: 13/13 MP: 4/4
    75 | D:1      | Reached skill level 1 in Unarmed Combat
    91 | D:1      | Reached skill level 1 in Fighting
    91 | D:1      | Reached XP level 2. HP: 19/21 MP: 6/6
   136 | D:1      | Found a faded altar of an unknown god.
   155 | D:1      | Prayed at the altar of an unknown god.
   155 | D:1      | Became a worshipper of Sif Muna the Loreminder
   155 | D:1      | Reached * piety under Sif Muna
   654 | D:2      | Gained mutation: You are afflicted with vampirism and can
                  | become a bat while bloodless. [Vampire growth]
   654 | D:2      | Reached XP level 3. HP: 13/26 MP: 0/7
   719 | D:2      | Reached skill level 1 in Throwing
   736 | D:2      | Found a radiant altar of Vehumet.
   953 | D:2      | Reached ** piety under Sif Muna
  1141 | D:2      | Reached XP level 4. HP: 32/32 MP: 8/8
  1748 | D:3      | Identified the +5 robe "Gayp" {Will++ Regen+ Str-2
                  | Archmagi}
  1767 | D:3      | Learned a level 2 spell: Call Imp
  1873 | D:3      | Reached XP level 5. HP: 37/37 MP: 3/9
  1917 | D:3      | Noticed Robin
  1962 | D:4      | Slain by Robin

Illustrated notes

Levels and vault maps discovered:
D:1:      wander_arrival_peaceful_grave, layout_loops_ring,
          dreamdust_ecumenical_altar_drowned_temple, corexii_hall_statues_t
D:2:      layout_basic, basic_altar, minmay_unequal
D:3:      layout_basic, grunt_temple_overflow_magic_moments, old_standard_altar,
          tgw_xom, nemelex_diamond_rough_becter,
          mainiacjoe_overflow_catch_the_wave, gammafunk_ghost_cemetery,
          uniq_crazy_yiuf_cottage, uniq_robin
D:4:      layout_gridville, uniq_natasha, uniq_duvessa, uniq_menkaure

Skill      XL: |  1  2  3  4  5 |
---------------+----------------+-----
Unarmed Combat | 1 2 3 |  3.3
Fighting       | 1 |  1.0
Throwing       | 1 2 |  2.1
Summonings     | 2 |  2.1
Dodging        | |  2.1
Stealth        | |  3.0
Spellcasting   | |  3.0
Conjurations   | |  0.6
Translocations | |  0.7

Action                     |  1- 3 |  4- 6 || total
---------------------------+-------+-------++-------
  Melee: Mace              |   143 |    71 ||   214
         Bite              |    12 |     7 ||    19
         Punch             |     3 |     2 ||     5
  Throw: Dart              |       |     3 ||     3
   Cast: Magic Dart        |     8 |    17 ||    25
         Call Imp          |       |     1 ||     1
   Stab: Sleeping          |     6 |       ||     6
 Armour: Robe              |    29 |    25 ||    54
         Scale mail        |     4 |    17 ||    21
  Dodge: Dodged            |   133 |    69 ||   202
